 Dungeon Crawl Stone Soup version 0.32-a0-43-g058985b245 (webtiles) character file.

Game seed: 566685854945299918

845 Ruich the Chiller (level 8, 52/52 HPs)
             Began as a Human Ice Elementalist on Jan 19, 2024.
             Was an Initiate of Vehumet.
             Quit the game on level 6 of the Dungeon on Feb 5, 2024.
             The game lasted 00:38:07 (5453 turns).

Ruich the Chiller (Human Ice Elementalist)          Turns: 5453, Time: 00:38:08

Health: 52/52      AC:  8    Str:  8    XL:     8   Next: 0%
Magic:  16/16      EV: 12    Int: 19    God:    Vehumet [......]
Gold:   331        SH:  0    Dex: 13    Spells: 6/18 levels left

rFire   x . .        p - staff of air {!a}
rCold   + . .        (no shield)
rNeg    . . .        a - +0 robe
rPois   .            (no helmet)
rElec   +            c - scarf {+Inv}
rCorr   .            s - +2 pair of gloves
SInv    .            e - +2 pair of boots
Will    .....        d - amulet of regeneration
Stlth   ++           C - ring of ice
HPRegen 1.08/turn    (no ring)
MPRegen 0.15/turn

%: no passive effects
@: no status effects
A: explore regen
a: Renounce Religion, Evoke Invisibility


You were on level 6 of the Dungeon.
You worshipped Vehumet.
Vehumet was noncommittal.
You visited 2 branches of the dungeon, and saw 7 of its levels.

You collected 331 gold pieces.


Innate Abilities, Weirdness & Mutations

You regain HP and MP as you explore.


   Skills:
 - Level 2.0 Dodging
 - Level 2.0 Stealth
 + Level 5.9 Spellcasting
 * Level 3.9 Conjurations
 - Level 6.0 Ice Magic
 * Level 0.3 Alchemy


You had 6 spell levels left.
You knew the following spells:

 Your Spells              Type           Power      Damage    Failure   Level
b - Summon Ice Beast      Ice/Summ       25%        N/A       10%         3
f - Freeze                Ice            100%       1d10      1%          1
o - Ozocubu's Armour      Ice            42%        N/A       3%          3
p - Fulminant Prism       Conj/Alch      6%         3d7       43%         4
z - Shock                 Conj/Air       76%        1d7       4%          1

Your spell library contained the following spells:

 Spells                   Type           Power      Damage    Failure   Level
 Frozen Ramparts          Ice            84%        1d13      3%          3
 Sting                    Conj/Alch      52%        1d6       4%          1
 Call Imp                 Summ           10%        N/A       17%         2
 Sublimation of Blood     Necr           5%         N/A       17%         2
 Volatile Blastmotes      Fire/Tloc      10%        2d10      34%         3
 Flame Wave               Conj/Fire      13%        2d6       45%         4
 Iskenderun's Mystic Bla  Conj/Tloc      13%        2d5       45%         4
 Animate Armour           Summ/Erth      10%        N/A       75%         4
 Summon Blazeheart Golem  Fire/Summ      5%         N/A       75%         4
 Summon Lightning Spire   Summ/Air       8%         N/A       75%         4
 Irradiate                Conj/Alch      6%         3d13      78%         5
 Lee's Rapid Deconstruct  Erth           2%         3d5*      97%         5
 Starburst                Conj/Fire      6%         6d4       100%        6
 Orb of Destruction       Conj           10%        9d6       100%        7
 Spellforged Servitor     Conj/Summ      6%         N/A       100%        7
 Summon Hydra             Summ           2%         N/A       100%        7

Inventory:

Hand Weapons
 b - a +1 dagger of protection
Missiles
 m - 5 poisoned darts (quivered)
 n - 33 stones
Armour
 a - a +0 robe (worn)
 c - a scarf of invisibility (worn)
 e - a +2 pair of boots (worn)
 s - a +2 pair of gloves (worn)
Magical Staves
 p - a staff of air (weapon) {!a}
Jewellery
 d - an amulet of regeneration (around neck)
 r - an amulet of the acrobat
 C - a ring of ice (left hand)
Wands
 q - a wand of flame (26)
Scrolls
 g - a scroll of teleportation {@r2}
 j - 5 scrolls of identify {@r1}
 o - a scroll of noise {unknown}
 t - 3 scrolls of immolation {unknown}
 u - a scroll of revelation {unknown}
Potions
 f - 4 potions of curing {@q1}
 h - a potion of mutation
 i - a potion of enlightenment {unknown}
 k - a potion of heal wounds {unknown}
 l - a potion of brilliance {unknown}

Dungeon Overview and Level Annotations

Branches:
Dungeon (6/15)             Temple (1/1) D:4

Altars:
Ashenzari
Elyvilon
Fedhas
Hepliaklqana
Kikubaaqudgha
Makhleb
Okawaru
Qazlal
Ru
Trog
Uskayaw
Vehumet
Yredelemnul
Zin
The Shining One

Shops:
D:4 *

Annotations:
D:2 exclusions: 2 adders and downstairs
D:6 Jeremiah

# #######.#####
#....@.......
.......#...#...
#.?.##. !..#
### #. ..Bz. .!
.....zz ..
....... #.F
.B....z ##.
.......


You could see Jeremiah (asleep), 2 bombardier beetles and 4 wights.


Message History

Aiming: Freeze (safe; 1% risk of failure)
Press: ? - help, Shift-Dir - straight line, f/p - iguana
Aim: an iguana (severely wounded)
You feel a surge of power!
You freeze the iguana.
You kill the iguana!
Vehumet accepts your kill.
You have reached level 8!
You feel clever.
You start resting.
Your magical contamination has completely faded away.
Magic restored.
Found a stone staircase leading down.
Done exploring.
Done exploring.
There is a stone staircase leading up here.
There is a stone staircase leading down here.
You climb downwards.
Found 2 puce potions, a scroll of identify and 2 potions of mutation.
There is a stone staircase leading up here.
There are monsters nearby!
Press: ? - help, v - describe, . - travel
Here: Jeremiah, wielding a +3 trident of draining, wearing a +0 robe and wearing an orb of guile (asleep)
The floor.
Press: ? - help, . - travel You can't see that place.
Level annotation: Jeremiah Welcome back, Ruich the Human Ice Elementalist.
Vehumet says: Let it end in hellfire!
Press ? for a list of commands and other information.
Are you sure you want to abandon this character and quit the game? (Confirm with "yes".)

Skill      XL: |  1  2  3  4  5  6  7 |
---------------+----------------------+-----
Spellcasting   | 3 4 5 |  5.9
Ice Magic      | 5 6 |  6.0
Conjurations   | 3 |  3.9
Dodging        | |  2.0
Stealth        | |  2.0
Alchemy        | |  0.3

Action                     |  1- 3 |  4- 6 |  7- 9 || total
---------------------------+-------+-------+-------++-------
  Melee: Unarmed           |       |     3 |       ||     3
         Staff             |       |     3 |       ||     3
   Cast: Freeze            |    59 |    78 |    32 ||   169
         Ozocubu's Armour  |       |     4 |     3 ||     7
         Summon Ice Beast  |       |     4 |       ||     4
         Shock             |       |       |    41 ||    41
    Use: Potion            |       |     2 |       ||     2
         Scroll            |       |     5 |       ||     5
 Armour: Robe              |    20 |    40 |    33 ||    93
  Dodge: Dodged            |    19 |    36 |    27 ||    82

Levels and vault maps discovered:
D:1:      minmay_arrival_up_and_down, layout_rooms
D:2:      layout_loops_ring, shapermc_ecumenical_altar_acropolis, uniq_jessica
D:3:      layout_basic, hex_tiny, kennysheep_donut
D:4:      layout_basic, minmay_temple_entry_butterflies, serial_shops, shop
D:5:      layout_cave_pods, nicolae_houndstooth_variations
D:6:      layout_loops_ring, mainiacjoe_overflow_alcove_3, uniq_jeremiah,
          uniq_eustachio
Temple:   regret_index_temple_waves

Notes
Turn   | Place    | Note
-------+----------+-------------------------------------------
     0 | D:1      | Ruich the Human Ice Elementalist began the quest for the
                  | Orb.
     0 | D:1      | Reached XP level 1. HP: 13/13 MP: 3/3
   195 | D:1      | Reached XP level 2. HP: 19/19 MP: 0/5
   699 | D:1      | Reached XP level 3. HP: 24/24 MP: 4/7
   749 | D:1      | Got Tybbanti's Parchment of the Discharge
   754 | D:1      | Learned a level 3 spell: Summon Ice Beast
  1082 | D:2      | Found a faded altar of an unknown god.
  1100 | D:2      | Noticed Jessica
  1790 | D:3      | Noticed a scorpion
  1821 | D:2      | Reached skill level 3 in Spellcasting
  1842 | D:2      | Reached XP level 4. HP: 28/30 MP: 5/8
  1872 | D:2      | Reached skill level 5 in Ice Magic
  1955 | D:2      | Killed Jessica
  2055 | D:2      | Reached XP level 5. HP: 35/35 MP: 7/10
  2676 | D:3      | Reached skill level 4 in Spellcasting
  2680 | D:3      | Learned a level 3 spell: Ozocubu's Armour
  2772 | D:3      | Reached XP level 6. HP: 35/41 MP: 7/12
  3498 | D:4      | Reached skill level 5 in Spellcasting
  3789 | D:4      | Found a staircase to the Ecumenical Temple.
  3800 | Temple   | Entered the Ecumenical Temple
  3849 | Temple   | Became a worshipper of Vehumet
  3927 | D:4      | Found Kittaerab's General Store.
  3955 | D:4      | Reached skill level 6 in Ice Magic
  3955 | D:4      | Reached XP level 7. HP: 46/46 MP: 11/14
  3979 | D:4      | Learned a level 4 spell: Fulminant Prism
  4024 | D:5      | Entered Level 5 of the Dungeon
  4308 | D:5      | Learned a level 1 spell: Shock
  4385 | D:5      | Reached skill level 1 in Conjurations
  4513 | D:5      | Reached skill level 2 in Conjurations
  4813 | D:5      | Reached skill level 3 in Conjurations
  5208 | D:5      | Reached XP level 8. HP: 52/52 MP: 9/16
  5452 | D:6      | Noticed Jeremiah
  5453 | D:6      | Upgraded the game from 0.32-a0-30-gefbe487952 to
                  | 0.32-a0-43-g058985b245
  5453 | D:6      | Quit the game

Vanquished Creatures
  A water moccasin (D:5)
  An ogre (D:5)
  A phantom (D:5)
  A scorpion (D:3)
  A hound (D:4)
  Jessica (D:2)
  4 orc wizards
  3 iguanas
  4 gnolls (D:2)
  5 adders
  A white imp (D:5)
  2 ufetubi (D:5)
  3 dart slugs
  13 orcs
  7 bats
  15 endoplasms
  A giant cockroach (D:3)
  4 goblins
  3 hobgoblins (D:2)
  2 jackals (D:1)
  4 quokkas
  8 ball pythons
  6 frilled lizards
  9 kobolds
  4 rats
104 creatures vanquished.

Vanquished Creatures (collateral kills)
  An ogre (D:4)
1 creature vanquished.

Grand Total: 105 creatures vanquished

Table legend: (Time is in decaauts)
 A = Elapsed time spent in this place.
 B = Non-inter-level travel time spent in this place.
 C = Inter-level travel time spent in this place.
 D = Time resting spent in this place.
 E = Time spent auto-exploring this place.
 F = Levels seen in this place.
 G = Mean time per level.
                   A        B        C        D        E       F      G
               +--------+--------+--------+--------+--------+-----+--------+
         Total |   5434 |   5154 |    280 |   1343 |   2615 |   7 |  776.3 |
       Dungeon |   5359 |   5104 |    255 |   1343 |   2615 |   6 |  893.2 |
        Temple |     75 |     50 |     25 |      0 |      0 |   1 |   75.0 |
               +--------+--------+--------+--------+--------+-----+--------+

Top non-repeatable levels by time:
     D:5: 1427 daAuts
     D:2: 1316 daAuts
     D:3: 1002 daAuts
     D:1: 874 daAuts
     D:4: 738 daAuts
  Temple: 75 daAuts
     D:6: 0 daAuts

Table legend:
 A = Non-vault XP
 B = Vault XP
 C = Vault XP percentage of total XP
 D = Non-vault monster count
 E = Vault monster count
 F = Vault count percentage of total count
                 A         B        C        D         E       F
            +---------+---------+-------+---------+---------+-------
      Total |    1171 |      37 |   3.1 |     104 |       1 |   1.0
            +---------+---------+-------+---------+---------+-------
        D:1 |      38 |       0 |   0.0 |      25 |       0 |   0.0
        D:2 |     101 |      37 |  26.8 |      21 |       1 |   4.5
        D:3 |     179 |       0 |   0.0 |      25 |       0 |   0.0
        D:4 |     263 |       0 |   0.0 |      12 |       0 |   0.0
        D:5 |     590 |       0 |   0.0 |      21 |       0 |   0.0
            +---------+---------+-------+---------+---------+-------
